 Dungeon Crawl Stone Soup version 0.22-a0-21-g9421e3f (webtiles) character file.

46680 theanonym the Unseen (level 14, -16/74 HPs)
             Began as a Spriggan Enchanter on Jan 2, 2018.
             Was an Initiate of Gozag.
             Demolished by a spiny frog (61 damage)
             ... on level 6 of the Lair of Beasts.
             The game lasted 01:47:03 (28958 turns).

theanonym the Unseen (Spriggan Enchanter)          Turns: 28958, Time: 01:47:04

Health: -16/74     AC:  2    Str:  4    XL:     14   Next: 5%
Magic:  21/28      EV: 33    Int: 20    God:    Gozag
Gold:   3613       SH:  0    Dex: 18    Spells: 8/32 levels left

rFire    . . .     SeeInvis +   a - +3 dagger (elec)
rCold    . . .     Gourm    .   (shield restricted)
rNeg     . . .     Faith    .   v - +0 robe {MR+} {0}
rPois    .         Spirit   .   (helmet restricted)
rElec    .         Reflect  .   E - scarf {repulsion}
rCorr    .         Harm     .   (gloves unavailable)
MR       +++..                  (boots unavailable)
Stlth    ++++++....             (no amulet)
HPRegen  1.22/turn              Q - +4 ring of evasion
MPRegen  0.21/turn              G - +5 ring of slaying

@: sleeping, regenerating, repel missiles, very quick
A: very small, unfitting armour, see invisible, herbivore, speed 3, slow
metabolism 2
a: Potion Petition, Call Merchant, Bribe Branch, Renounce Religion


Innate Abilities, Weirdness & Mutations

You are very small and have problems with some larger weapons.
You are too small for most types of armour.
You have supernaturally acute eyesight. (SInv)
You are a herbivore.
You cover ground extremely quickly.
You need consume almost no food.


   Skills:
 + Level 8.5 Fighting
 - Level 10.5 Short Blades
 + Level 12.1 Dodging
 - Level 15.0 Stealth
 + Level 9.7 Spellcasting
 - Level 12.3 Hexes
 + Level 5.4 Charms
 - Level 5.0 Necromancy
 - Level 5.0 Ice Magic
 - Level 5.0 Evocations


You had 8 spell levels left.
You knew the following spells:

 Your Spells              Type           Power        Failure   Level  Hunger
a - Metabolic Englaciati  Hex/Ice        #####.....   5%          5    #####..
b - Ensorcelled Hibernat  Hex/Ice        #####.       1%          2    None
c - Confuse               Hex            ######..     1%          3    None
d - Tukima's Dance        Hex            ######..     1%          3    None
e - Dazzling Spray        Conj/Hex       ####..       1%          3    None
f - Animate Skeleton      Necr           N/A          1%          1    None
g - Ozocubu's Armour      Chrm/Ice       ####....     2%          3    None
q - Apportation           Tloc           #.....       7%          1    None
r - Regeneration          Chrm/Necr      ####......   2%          3    None

Skill      XL: |  1  2  3  4  5  6  7  8  9 10 11 12 13 14 |
---------------+-------------------------------------------+-----
Spellcasting   | 3 4 5 7 8 9 |  9.7
Short Blades   | 2 3 4 5 6 8 10 | 10.5
Hexes          | 4 5 6 7 9 10 11 12 | 12.3
Stealth        | 5 6 8 9 11 12 13 15 | 15.0
Evocations     | 2 5 |  5.0
Fighting       | 3 5 7 8 |  8.5
Dodging        | 6 9 11 12 | 12.1
Ice Magic      | 1 3 5 |  5.0
Charms         | 5 |  5.4
Necromancy     | 5 |  5.0

Action                   |  1- 3 |  4- 6 |  7- 9 | 10-12 | 13-15 || total
-------------------------+-------+-------+-------+-------+-------++-------
Melee: Dagger            |   125 |   272 |   410 |   386 |   327 ||  1520
       Short sword       |       |       |    48 |       |       ||    48
 Cast: Ensorcelled Hiber |    10 |    33 |    84 |   210 |    76 ||   413
       Corona            |     3 |     1 |     7 |       |       ||    11
       Confuse           |       |     8 |    42 |    63 |     8 ||   121
       Tukima's Dance    |       |     9 |     9 |     2 |       ||    20
       Dazzling Spray    |       |       |     1 |    10 |    30 ||    41
       Regeneration      |       |       |       |     6 |    13 ||    19
       Ozocubu's Armour  |       |       |       |     4 |     6 ||    10
       Metabolic Englaci |       |       |       |       |    13 ||    13
       Apportation       |       |       |       |       |     8 ||     8
Invok: Potion Petition   |       |       |       |     2 |       ||     2
Evoke: Wand              |       |       |       |    18 |     2 ||    20
       Lamp of fire      |       |       |       |     1 |       ||     1
  Use: Scroll            |       |     5 |     9 |     7 |     4 ||    25
       Potion            |       |       |       |     1 |       ||     1
 Stab: Sleeping          |    12 |    22 |    44 |   114 |    48 ||   240
       Confused          |       |     6 |    16 |    35 |     1 ||    58
       Distracted        |       |     1 |       |     2 |     2 ||     5
       Paralysed         |       |       |       |     5 |       ||     5
       Invisible         |       |       |       |     2 |     7 ||     9
  Eat: Ration            |       |     3 |     6 |     5 |     4 ||    18
Armor: Robe              |     6 |    18 |    17 |     7 |     6 ||    54
Dodge: Dodged            |   112 |   222 |   253 |   245 |   228 ||  1060
       Deflected         |       |       |       |     3 |       ||     3

Inventory:

Hand Weapons
 a - a +3 dagger of electrocution (weapon)
   (You found it on level 6 of the Dungeon)
 s - a +0 short sword
   (You took it off an orc on level 4 of the Dungeon)
 y - a +1 dagger
 M - a +2 short sword of venom
   (You took it off a minotaur in a labyrinth)
 R - a +1 short sword of freezing
   (You took it off a naga on level 2 of the Lair of Beasts)
Armour
 v - a +0 robe of magic resistance (worn) {0}
   (You took it off an orc wizard on level 4 of the Dungeon)
 E - a scarf of repulsion (worn)
   (You found it on level 9 of the Dungeon)
Jewellery
 G - a +5 ring of slaying (right hand)
   (You found it on level 1 of the Lair of Beasts)
 K - an uncursed ring of wizardry {Wiz}
   (You found it in a labyrinth)
 O - an uncursed ring of protection from cold {rC+}
   (You found it in a labyrinth)
 Q - a +4 ring of evasion (left hand)
   (You found it on level 2 of the Lair of Beasts)
Wands
 d - a wand of digging (6)
   (You found it on level 4 of the Lair of Beasts)
 h - a wand of polymorph (23)
   (You found it on level 6 of the Dungeon)
 p - a wand of flame (47)
   (You found it on level 4 of the Dungeon)
 z - a wand of paralysis (15)
   (You found it on level 6 of the Dungeon)
 S - a wand of disintegration (12)
   (You found it on level 5 of the Lair of Beasts)
Scrolls
 b - 7 scrolls of blinking
 f - 2 scrolls of fog
 i - 5 scrolls of remove curse
 m - 4 scrolls of immolation
 t - 5 scrolls of teleportation {!r}
 B - 2 scrolls of fear
 I - 3 scrolls of holy word
Potions
 g - a potion of agility
 k - 4 potions of lignification
 l - a potion of cancellation
 n - 2 potions of flight
 o - 4 potions of brilliance
 q - 6 potions of heal wounds
 r - 2 potions of might
 u - a potion of ambrosia
 w - 7 potions of curing
 A - a potion of haste {unknown}
 C - 2 potions of berserk rage {unknown}
 H - a potion of resistance {unknown}
 U - 2 potions of invisibility {unknown}
Books
 c - a book of Maledictions
 x - a book of Cantrips
   (You found it on level 5 of the Dungeon)
 F - a book of Necromancy
   (You found it on level 6 of the Dungeon)
 J - a book of Callings
   (You found it on level 8 of the Dungeon)
 L - a book of Beasts
   (You found it in a labyrinth)
 P - the Compendium of the Freezing Compass
   (You found it in a labyrinth)

   Spells                             Type                      Level
   a - Freeze                         Ice                          1
   b - Ozocubu's Armour               Charms/Ice                   3
   c - Force Lance                    Conjuration/Translocation    4
   d - Throw Icicle                   Conjuration/Ice              4
   e - Passage of Golubria            Translocation                4
   f - Metabolic Englaciation         Hexes/Ice                    5
   g - Disjunction                    Translocation                8
 T - a book of Misfortune
   (You found it on level 5 of the Lair of Beasts)
Miscellaneous
 D - a lightning rod (4/4)
   (You found it on level 9 of the Dungeon)
 N - a lamp of fire
   (You found it in a labyrinth)
Comestibles
 e - 8 rations


You were on level 6 of the Lair of Beasts.
You worshipped Gozag.
Gozag was most pleased with you.
You were hungry.

You visited 3 branches of the dungeon, and saw 16 of its levels.
You also visited: Labyrinth.

You collected 4545 gold pieces.
You paid 932 gold pieces to Gozag.

Dungeon Overview and Level Annotations

Branches:
Dungeon (9/15)             Temple (1/1) D:5            Lair (6/6) D:9
  Swamp (0/4) Lair:2        Snake (0/4) Lair:2        Slime (0/5) Lair:6
    Orc: D:9-12

Altars:
Ashenzari
Cheibriados
Dithmenos
Elyvilon
Fedhas
Gozag
Hepliaklqana
Kikubaaqudgha
Makhleb
Nemelex Xobeh
Okawaru
Qazlal
Ru
Sif Muna
Trog
Uskayaw
Vehumet
Wu Jian
Xom
Yredelemnul
Zin
The Shining One

Annotations:
Lair:2 exclusion: 4 oklob plants
Lair:5 1 exclusion

##............YY...P.............
#.............YY.................
#..............<.Y...............
..............YYYY.........###.#.
..............#..YY..+P.....#.###
..............##..Y.#..P...######
.........<....##....P..#.........
...............##F....#....#.#...
#.............##@.....##...##...P
#............(#.#.....###...#....
#.............$.##...#.....P#....
#.............####.####.#..######
#..............#..+#.P.....P####.
#...........................P#.#.
.................................
##.#.###..##.....###.##...##....#
##### #.#####..## #.###P.###.P#.


You could see a spiny frog and 5 dream sheep.

Notes
Turn   | Place    | Note
-------+----------+-------------------------------------------
     0 | D:1      | theanonym the Spriggan Enchanter began the quest for the Orb.
     0 | D:1      | Reached XP level 1. HP: 9/9 MP: 5/5
   154 | D:1      | Reached XP level 2. HP: 13/13 MP: 6/6
   305 | D:1      | Learned a level 2 spell: Ensorcelled Hibernation
   322 | D:1      | Reached skill level 3 in Spellcasting
   398 | D:1      | Reached skill level 2 in Short Blades
   722 | D:1      | HP: 6/13 [hobgoblin/club (6)]
   727 | D:1      | Reached XP level 3. HP: 8/16 MP: 1/8
   730 | D:1      | Reached skill level 4 in Hexes
  1314 | D:2      | Reached skill level 5 in Stealth
  1347 | D:2      | Learned a level 3 spell: Confuse
  1536 | D:2      | Found a stormy altar of Qazlal.
  1595 | D:2      | Reached XP level 4. HP: 21/21 MP: 7/10
  1760 | D:2      | Found a sacrificial altar of Ru.
  1820 | D:2      | theanonym: !lg . win s=god
  1820 | D:2      | beem: 61 games for theanonym (win): 8x Makhleb, 6x Gozag, 5x Vehumet, 4x Lugonu, 3x Trog, 3x The Shining One, 3x Hepliaklqana, 2x Jiyva, 2x Kikubaaqudgha, 2x Qazlal, 2x Ru, 2x Sif Muna, 2x Ashenzari, 2x Cheibriados, 2x Dithmenos, 2x Zin, 2x Okawaru, , Beogh, Elyvilon, Fedhas, Nemelex Xobeh, Uskayaw, Wu Jian, Xom, Yredelemnul
  2455 | D:3      | Noticed an ice beast
  2471 | D:3      | HP: 7/21 [ice beast (11)]
  2475 | D:3      | Killed an ice beast
  2475 | D:3      | Reached skill level 3 in Short Blades
  2475 | D:3      | Reached XP level 5. HP: 9/24 MP: 7/11
  2570 | D:3      | Learned a level 3 spell: Tukima's Dance
  2882 | D:3      | Found a faded altar of an unknown god.
  2926 | D:3      | HP: 12/24 [orc (2)]
  3480 | D:3      | HP: 11/24 [kobold/club (3)]
  3683 | D:3      | HP: 12/24 [jackal (1)]
  3910 | D:3      | Reached skill level 4 in Spellcasting
  3910 | D:3      | HP: 12/24 [kobold/club (3)]
  3917 | D:3      | HP: 12/24 [kobold/club (1)]
  4088 | D:3      | HP: 11/24 [kobold/club (5)]
  4207 | D:3      | Reached skill level 4 in Short Blades
  4207 | D:3      | Reached skill level 6 in Stealth
  4207 | D:3      | Reached XP level 6. HP: 23/28 MP: 8/13
  4434 | D:3      | HP: 11/28 [big kobold (7)]
  4963 | D:3      | Reached skill level 5 in Hexes
  5199 | D:3      | HP: 11/28 [hobgoblin/club (6)]
  5236 | D:3      | HP: 11/28 [kobold (2)]
  5448 | D:3      | HP: 9/28 [gnoll/club (6)]
  5524 | D:3      | Reached skill level 5 in Short Blades
  5715 | D:3      | Reached XP level 7. HP: 32/32 MP: 9/15
  5895 | D:4      | Found an ornate altar of the Wu Jian Council.
  5895 | D:4      | Found a deep blue altar of Sif Muna.
  6158 | D:4      | HP: 16/32 [orc wizard/puff of flame (9)]
  6814 | D:4      | HP: 13/32 [orc priest/hand axe (6)]
  6824 | D:3      | HP: 7/32 [orc priest/hand axe (5)]
  6825 | D:3      | Reached skill level 7 in Stealth
  6825 | D:3      | Reached skill level 5 in Spellcasting
  7835 | D:4      | Learned a level 3 spell: Dazzling Spray
  8191 | D:4      | Reached skill level 6 in Short Blades
  8949 | D:4      | HP: 13/32 [orc/short sword (5)]
  8955 | D:4      | HP: 8/32 [orc/short sword (6)]
  9382 | D:5      | Entered Level 5 of the Dungeon
  9405 | D:5      | Learned a level 1 spell: Apportation
  9407 | D:5      | Learned a level 1 spell: Animate Skeleton
  9623 | D:5      | Reached skill level 6 in Hexes
  9647 | D:5      | Reached skill level 8 in Stealth
  9647 | D:5      | Reached XP level 8. HP: 36/36 MP: 7/16
  9747 | D:5      | Found a staircase to the Ecumenical Temple.
  9757 | Temple   | Entered the Ecumenical Temple
  9882 | Temple   | Became a worshipper of Gozag Ym Sagoz the Greedy
 10470 | D:6      | HP: 16/36 [orc wizard/dagger of electrocution (14)]
 10476 | D:6      | HP: 7/36 [orc wizard/magic dart (10)]
 11215 | D:6      | Reached skill level 7 in Short Blades
 11353 | D:6      | Found a hide-covered altar of Uskayaw.
 11643 | D:6      | Noticed Eustachio
 11650 | D:6      | Killed Eustachio
 11650 | D:6      | Reached skill level 9 in Stealth
 11682 | D:6      | Reached skill level 7 in Hexes
 11686 | D:6      | Reached skill level 8 in Short Blades
 11701 | D:6      | Found a shadowy altar of Dithmenos.
 12261 | D:7      | HP: 15/36 [worker ant (7)]
 12266 | D:7      | HP: 14/36 [poisoned by a worker ant]
 12272 | D:7      | HP: 13/36 [poisoned by a worker ant]
 12279 | D:7      | HP: 13/36 [poisoned by a worker ant]
 12286 | D:7      | HP: 12/36 [poisoned by a worker ant]
 12684 | D:7      | Reached XP level 9. HP: 20/39 MP: 11/18
 13019 | D:7      | Reached skill level 9 in Short Blades
 13030 | D:7      | Reached skill level 10 in Stealth
 13238 | D:7      | Reached skill level 6 in Spellcasting
 14320 | D:8      | Found a radiant altar of Vehumet.
 14484 | D:8      | Learned a level 3 spell: Regeneration
 14520 | D:8      | Noticed a two-headed ogre
 14535 | D:8      | Killed a two-headed ogre
 14535 | D:8      | Reached skill level 10 in Short Blades
 14535 | D:8      | Reached skill level 11 in Stealth
 14535 | D:8      | Reached skill level 7 in Spellcasting
 14617 | D:8      | Noticed a two-headed ogre
 14622 | D:8      | Killed a two-headed ogre
 14622 | D:8      | Reached skill level 2 in Evocations
 14622 | D:8      | Reached XP level 10. HP: 44/44 MP: 17/21
 14843 | D:8      | Noticed Joseph
 14861 | D:8      | HP: 22/44 [iguana (9)]
 14863 | D:8      | Killed Joseph
 14863 | D:8      | Reached skill level 1 in Fighting
 14863 | D:8      | Reached skill level 3 in Evocations
 14867 | D:8      | HP: 13/45 [bullfrog (5)]
 14884 | D:8      | Reached skill level 12 in Stealth
 15281 | D:8      | Reached skill level 8 in Hexes
 15513 | D:9      | Noticed a two-headed ogre
 15518 | D:9      | Killed a two-headed ogre
 15518 | D:9      | Reached skill level 2 in Fighting
 15518 | D:9      | Reached skill level 4 in Evocations
 15696 | D:9      | Reached skill level 5 in Evocations
 15719 | D:9      | Noticed a two-headed ogre
 15745 | D:9      | Killed a two-headed ogre
 15745 | D:9      | Reached skill level 3 in Fighting
 15745 | D:9      | Reached skill level 4 in Dodging
 15745 | D:9      | Reached skill level 9 in Hexes
 16073 | D:9      | Noticed an eight-headed hydra
 16078 | D:9      | Killed an eight-headed hydra
 16078 | D:9      | Reached skill level 5 in Dodging
 16506 | D:9      | Reached skill level 6 in Dodging
 16506 | D:9      | Reached XP level 11. HP: 46/53 MP: 7/22
 16663 | D:9      | Found a staircase to the Lair.
 16920 | D:9      | Reached skill level 4 in Fighting
 17329 | Lair:1   | Entered Level 1 of the Lair of Beasts
 17379 | D:9      | HP: 23/53 [bullfrog (6)]
 17430 | D:9      | HP: 13/53 [water moccasin (4)]
 17448 | D:9      | HP: 10/53 [killer bee (5)]
 17518 | D:9      | HP: 15/53 [killer bee (6)]
 17520 | D:9      | HP: 5/53 [killer bee (10)]
 18008 | Lair:1   | Reached skill level 10 in Hexes
 18014 | Lair:1   | Reached skill level 1 in Ice Magic
 18100 | Lair:1   | Reached skill level 8 in Spellcasting
 18101 | Lair:1   | Noticed Prince Ribbit
 18135 | Lair:1   | Reached skill level 1 in Charms
 18148 | Lair:1   | Killed Prince Ribbit
 18148 | Lair:1   | Reached skill level 7 in Dodging
 18148 | Lair:1   | Reached skill level 1 in Necromancy
 18171 | Lair:1   | Reached skill level 2 in Charms
 18287 | Lair:1   | Reached skill level 2 in Necromancy
 18590 | Lair:1   | Reached skill level 3 in Charms
 18886 | Lair:1   | Reached skill level 3 in Necromancy
 18938 | Lair:1   | Reached skill level 5 in Fighting
 18941 | Lair:1   | Reached skill level 8 in Dodging
 19053 | Lair:1   | Reached skill level 4 in Charms
 19365 | Lair:2   | Reached skill level 4 in Necromancy
 19468 | Lair:2   | Found a labyrinth entrance.
 19477 | Lab      | Entered a labyrinth
 19682 | Lab      | Noticed a minotaur
 19694 | Lab      | Killed a minotaur
 19694 | Lab      | Reached skill level 5 in Charms
 19703 | Lab      | Identified the Compendium of the Freezing Compass
 19811 | Lair:2   | Noticed a seven-headed hydra
 19822 | Lair:2   | Killed a seven-headed hydra
 19822 | Lair:2   | Reached skill level 9 in Dodging
 19822 | Lair:2   | Reached skill level 5 in Necromancy
 20001 | Lair:2   | Reached XP level 12. HP: 60/60 MP: 20/25
 20705 | Lair:2   | Reached skill level 10 in Dodging
 20866 | Lair:2   | HP: 30/60 [tyrant leech (30)]
 20875 | Lair:2   | HP: 23/60 [killer bee (8)]
 21176 | Lair:2   | Found a staircase to the Swamp.
 21248 | Lair:2   | Reached skill level 6 in Fighting
 21335 | Lair:2   | Reached skill level 11 in Hexes
 21336 | Lair:2   | theanonym: ??spen
 21336 | Lair:2   | beem: hyperbolic[1/4]: My 0.20 SpEn guide: SKILLS: Approximate goals are as follows: 1) 5 Short Blades, 8 Stealth. 2) 4 Spellcasting, 8 Hexes. 3) 3 Fighting, 8 Dodging. 4) 8 Short Blades, 12 Stealth. 5) 6 Fighting/Spellcasting, 10 Short Blades/Hexes, 15 Dodging/Stealth. 6) 10 Fighting, 27 Stealth, and whatever spell skills you want.
 21373 | Lair:2   | HP: 30/61 [poisoned by a spiny frog]
 21379 | Lair:2   | HP: 27/61 [poisoned by a spiny frog]
 21384 | Lair:2   | HP: 25/61 [poisoned by a spiny frog]
 21391 | Lair:2   | HP: 22/61 [poisoned by a spiny frog]
 21396 | Lair:2   | HP: 22/61 [poisoned by a spiny frog]
 21403 | Lair:2   | HP: 26/61 [poisoned by a spiny frog]
 21576 | Lair:2   | Found a staircase to the Snake Pit.
 21937 | Lair:2   | Reached skill level 11 in Dodging
 22371 | Lair:2   | Found a staircase to the Snake Pit.
 22641 | Lair:2   | Found a staircase to the Swamp.
 23058 | Lair:3   | Learned a level 3 spell: Ozocubu's Armour
 23117 | Lair:3   | Noticed a catoblepas
 23125 | Lair:2   | HP: 27/62 [catoblepas/blast of calcifying dust (8)]
 23362 | Lair:3   | Reached skill level 2 in Ice Magic
 23993 | Lair:3   | Reached skill level 13 in Stealth
 24086 | Lair:3   | Noticed an eight-headed hydra
 24112 | Lair:3   | Killed an eight-headed hydra
 24112 | Lair:3   | Reached skill level 3 in Ice Magic
 24219 | Lair:3   | Reached skill level 7 in Fighting
 24219 | Lair:3   | Reached XP level 13. HP: 66/67 MP: 18/26
 24617 | Lair:4   | Reached skill level 12 in Hexes
 24840 | Lair:4   | HP: 27/67 [blink frog (10)]
 25655 | Lair:5   | Reached skill level 14 in Stealth
 25708 | Lair:4   | HP: 25/67 [death yak (26)]
 26107 | Lair:5   | HP: 34/68 [elephant (15)]
 26729 | Lair:5   | Learned a level 5 spell: Metabolic Englaciation
 26968 | Lair:5   | Reached skill level 4 in Ice Magic
 27302 | Lair:6   | Entered Level 6 of the Lair of Beasts
 27408 | Lair:6   | Reached skill level 5 in Ice Magic
 27429 | Lair:5   | Reached skill level 8 in Fighting
 27626 | Lair:6   | Found a staircase to the Slime Pits.
 27630 | Lair:6   | Reached skill level 9 in Spellcasting
 27889 | Lair:6   | HP: 31/68 [blink frog (17)]
 27907 | Lair:6   | Reached skill level 15 in Stealth
 28271 | Lair:6   | HP: 33/69 [elephant (8)]
 28529 | Lair:6   | Reached XP level 14. HP: 67/74 MP: 13/28
 28545 | Lair:6   | Reached skill level 12 in Dodging
 28958 | Lair:6   | Demolished by a spiny frog

Vanquished Creatures
  A minotaur (Lab)
  4 hydras
  4 two-headed ogres
  7 death yaks
  A lindwurm (Lair:5)
  10 elephants
  2 manticores (Lair:2)
  3 black mambas
  Joseph (D:8)
  10 spiny frogs
  6 komodo dragons
  2 rime drakes
  A queen bee (Lair:2)
  A troll (D:9)
  A polar bear (Lair:5)
  22 blink frogs
  4 tyrant leeches (Lair:2)
  6 hippogriffs
  Prince Ribbit (Lair:1)
  12 dream sheep
  2 slime creatures (Lair:6)
  20 yaks
  Eustachio (D:6)
  A wyvern (Lair:2)
  4 basilisks
  A hungry ghost (D:8)
  3 steam dragons
  A swamp worm (Lair:2)
  A warg (D:9)
  17 water moccasins
  2 nagas (Lair:2)
  12 porcupines
  11 ice beasts
  2 sky beasts
  A black bear (D:8)
  3 orc warriors
  9 wolves (Lair:6)
  2 centaurs
  16 crocodiles
  An ogre (D:9)
  4 big kobolds (D:3)
  17 bullfrogs
  2 scorpions
  2 wyvern skeletons
  33 killer bees
  7 wights (D:9)
  2 howler monkeys (D:7)
  4 crimson imps
  4 jellies
  3 bullfrog zombies
  8 orc priests
  2 bullfrog skeletons
  3 centaur skeletons
  2 hounds
  8 orc wizards
  3 iguanas
  9 worker ants
  2 ogre skeletons (Lab)
  A howler monkey zombie (D:6)
  7 adders
  9 gnolls
  3 river rats
  3 shadow imps
  2 oozes (D:1)
  A worm (D:4)
  3 dart slugs
  9 leopard geckos
  45 orcs
  5 giant cockroaches
  12 goblins
  9 hobgoblins
  10 jackals
  34 kobolds
  6 quokkas
  2 bats
  A frilled lizard (D:2)
  A leopard gecko skeleton (D:5)
  A quokka zombie (D:6)
  7 rats
495 creatures vanquished.

Vanquished Creatures (collateral kills)
  An orc wizard (D:6)
  A gnoll (D:9)
  An orc (D:3)
  3 kobolds (D:3)
6 creatures vanquished.

Vanquished Creatures (others)
  3 dancing weapons (D:3)
  2 killer bees (Lair:2)
  32 fungi
  11 plants
48 creatures vanquished.

Grand Total: 549 creatures vanquished

Table legend:
 A = Turns spent in this place as a percentage of turns spent in the entire game.
 B = Non-inter-level travel turns spent in this place as a percentage of non-inter-level travel turns spent in the entire game.
 C = Inter-level travel turns spent in this place as a percentage of turns spent in this place.
 D = Turns resting spent in this place as a percentage of non-inter-level travel turns spent in this place.
 E = Turns spent auto-exploring this place as a percentage of non-inter-level travel turns spent in this place.
 F = Non-inter-level travel turns spent in this place divided by the number of levels of this place that you've seen.
                   A       B       C       D       E      F
               +-------+-------+-------+-------+-------+----------------------
         Total | 100.0 | 100.0 |   3.5 |  39.3 |  37.9 | 1644.1
       Dungeon |  61.2 |  60.8 |   4.1 |  43.5 |  37.0 | 1888.9
        Temple |   0.5 |   0.4 |  14.0 |   0.0 |  97.4 | 117.0
          Lair |  37.4 |  37.8 |   2.5 |  33.7 |  39.7 | 1759.7
     Labyrinth |   0.9 |   1.0 |   0.0 |  13.1 |   0.0 | 275.0
               +-------+-------+-------+-------+-------+----------------------
